 Dungeon Crawl Stone Soup version 0.22.1-2-g9c5b331 (webtiles) character file.

7807 crucifier the Cleaver (level 11, -2/99 HPs)
             Began as a Deep Dwarf Fighter on Dec 4, 2018.
             Was a Priest of Okawaru.
             Slain by a vampire (9 damage)
             ... on level 11 of the Dungeon.
             The game lasted 01:06:27 (9854 turns).

crucifier the Cleaver (Deep Dwarf Fighter)          Turns: 9854, Time: 01:06:28

Health: -2/99      AC: 16    Str: 23    XL:     11   Next: 1%
Magic:  0/0        EV:  7    Int:  9    God:    Okawaru [***...]
Gold:   399        SH: 12    Dex: 12    Spells: 10/10 levels left

rFire    + . .     SeeInvis .   v - +3 scimitar (flame)
rCold    + + .     Gourm    .   c - +0 shield
rNeg     . . .     Faith    .   D - +1 plate armour
rPois    .         Spirit   .   k - +0 helmet
rElec    .         Reflect  .   q - scarf {rC+ rF+}
rCorr    .         Harm     .   (no gloves)
MR       +....                  (no boots)
Stlth    ..........             M - amulet of the acrobat
HPRegen  0.00/turn              s - ring of protection from cold
MPRegen  0.07/turn              (no ring)

@: non-regenerating
A: damage resistance, heal wounds, sense surroundings 2, no regeneration
a: Heal Wounds, Heroism, Renounce Religion


You were on level 11 of the Dungeon.
You worshipped Okawaru.
Okawaru was most pleased with you.
You were not hungry.

You visited 2 branches of the dungeon, and saw 12 of its levels.

You collected 519 gold pieces.
You spent 120 gold pieces at shops.

Inventory:

Hand Weapons
 a - a +0 war axe
 o - a +0 whip
 t - a +1 trident of distortion
 v - a +3 scimitar of flaming (weapon)
 w - a +2 whip of flaming
 C - a +0 falchion
 H - a +0 shortbow
 N - a +3 war axe
 P - a cursed -3 shortbow
 S - a +0 blowgun
 T - a cursed +3 halberd
 W - a +2 war axe
 X - a cursed +5 falchion of freezing
Missiles
 I - 141 arrows
 R - 9 tomahawks (quivered)
Armour
 b - a +1 scale mail
 c - a +0 shield (worn)
 k - a +0 helmet (worn)
 q - a scarf of resistance (worn)
 D - a +1 plate armour (worn)
 J - a +2 buckler
 O - a +0 robe of cold resistance
Magical Staves
 l - an uncursed staff of poison
Jewellery
 r - an uncursed amulet of the gourmand
 s - a ring of protection from cold (left hand)
 M - an amulet of the acrobat (around neck)
Wands
 A - a wand of acid (14)
 B - a wand of polymorph (14)
 G - a wand of clouds (7)
 K - a wand of paralysis (9)
 L - a wand of iceblast (5)
Scrolls
 g - 3 scrolls of remove curse
 h - 2 scrolls of amnesia {unknown}
 j - 3 scrolls of immolation {unknown}
 m - a scroll of fear
 u - a scroll of enchant armour
 x - a scroll of fog {unknown}
 y - 2 scrolls of teleportation {unknown}
 z - 2 scrolls of identify
 F - 2 scrolls of noise {unknown}
 Y - a scroll of magic mapping {unknown}
Potions
 d - 2 potions of might
 e - a potion of agility {unknown}
 i - a potion of lignification {unknown}
 n - a potion of degeneration {unknown}
 p - a potion of resistance {unknown}
 E - a potion of haste
 Q - 3 potions of curing
 V - a potion of magic {unknown}
 Z - a potion of flight {unknown}
Comestibles
 f - 11 rations


   Skills:
 + Level 6.9 Fighting
 + Level 11.2(11.5) Axes
 + Level 3.7(7.6) Maces & Flails
 + Level 1.0 Throwing
 + Level 8.5 Armour
 + Level 2.7 Dodging
 + Level 1.4 Stealth
 + Level 9.2 Shields


You had 10 spell levels left.
You didn't know any spells.
Your spell library contained the following spells:

 Spells                   Type           Power        Failure   Level  Hunger
 Poisonous Vapours        Pois/Air       #.....       100%        2    ###....
 Conjure Flame            Conj/Fire      #.......     100%        3    ####...
 Mephitic Cloud           Conj/Pois/Air  #.......     100%        3    ####...
 Freezing Cloud           Conj/Ice/Air   #.........   100%        6    #######
 Ring of Flames           Chrm/Fire      #.........   100%        7    #######


Dungeon Overview and Level Annotations

Branches:
Dungeon (11/15)            Temple (1/1) D:7            Lair (0/6) D:8
    Orc: D:9-12

Altars:
Cheibriados
Dithmenos
Fedhas
Hepliaklqana
Kikubaaqudgha
Makhleb
Nemelex Xobeh
Okawaru
Qazlal
Trog
Uskayaw
Xom

Shops:
D:5 ?   D:6 =   D:11 [

Annotations:
D:3 Sigmund


Innate Abilities, Weirdness & Mutations

You are resistant to damage.
You can heal yourself by infusing magical energy.
You passively map the area around you.
You do not regenerate.


Message History

You hear some strange, mumbled words.
Something tries to affect you, but you resist.
The yak gores you.
* * * LOW HITPOINT WARNING * * *
The yak gores you but does no damage. Something hits you but does no damage.
Something bites you but does no damage.
You don't have enough innate magic capacity.
Okay, then.
Aiming: Paralyse
Press: ? - help, Shift-Dir - straight line, f/p - yak
Aim: a yak (moderately wounded, chance to defeat MR: 46%)
The yak resists with some effort.
You block the yak's attack. x2
Something hits you.
* * * LOW HITPOINT WARNING * * *
Something bites you but does no damage.
That item cannot be evoked!
As you read the scroll of fear, it crumbles to dust.
You assume a fearsome visage.
The yak looks frightened! x5
The bullfrog zombie is unaffected.
Something hits you!
You die...

* ,
,....##.........
* ,
...............
, , , * , ,,
....##.<..#.#..
, * ,, . #....#,
, ,, * , ,
#....# *
......#.#.#* >
,,,
.#.##.#.#..., ,,
, ,, #.#{####..
, , *,,.Y#@# ..,
* , * *
.....Y.Z# * . ,
*,, .....YY.Y ,
, , ,* *
.....Y.⌠.⌠ *
........∩.# , ,
.......⌠.⌠$ ,
*,,
,.........##. *
, , ?#.####.#.
.. , *, , * , ,
* , ,


You could see 5 yaks and a bullfrog zombie.

Vanquished Creatures
  Erica (D:9)
  An unseen horror (D:8)
  Pikel (D:4)
  2 hippogriffs
  3 yaks (D:10)
  Grum (D:9)
  A wyvern (D:8)
  2 sky beasts
  5 orc warriors
  2 necrophages
  A phantom (D:5)
  3 wolves (D:9)
  3 ogres
  3 centaurs
  2 big kobolds (D:9)
  3 bullfrogs
  3 scorpions
  16 killer bees
  5 wights (D:9)
  5 howler monkeys
  5 crimson imps
  5 hounds
  A gnoll shaman (D:9)
  2 centaur skeletons
  A jelly (D:4)
  7 orc priests
  An iron imp (D:9)
  A bullfrog skeleton (D:6)
  4 iguanas
  13 orc wizards
  8 worker ants
  A killer bee zombie (D:9)
  2 hound zombies
  2 hound skeletons
  A howler monkey zombie (D:5)
  5 gnolls
  7 adders
  2 shadow imps
  An ooze (D:2)
  4 adder skeletons
  4 worms
  3 dart slugs
  4 leopard geckos
  41 orcs
  A ball python (D:4)
  8 bats
  5 giant cockroaches
  5 goblins
  9 hobgoblins
  7 jackals
  13 kobolds
  5 quokkas
  3 frilled lizards
  A jackal skeleton (D:6)
  A leopard gecko skeleton (D:8)
  5 rats
251 creatures vanquished.

Vanquished Creatures (others)
  A slave (D:5)
  A centaur (D:5)
  3 orcs (D:5)
  A quokka skeleton (D:5)
6 creatures vanquished.

Grand Total: 257 creatures vanquished

Notes
Turn   | Place    | Note
-------+----------+-------------------------------------------
     0 | D:1      | crucifier the Deep Dwarf Fighter began the quest for the
                  | Orb.
     0 | D:1      | Reached XP level 1. HP: 20/20 MP: 1/1
   209 | D:1      | Reached XP level 2. HP: 23/28 MP: 2/2
  1043 | D:2      | Reached XP level 3. HP: 25/34 MP: 3/3
  1844 | D:2      | Reached skill level 3 in Axes
  2044 | D:2      | Found a hide-covered altar of Uskayaw.
  2117 | D:2      | Reached XP level 4. HP: 41/42 MP: 4/4
  2556 | D:3      | Noticed Sigmund
  3118 | D:5      | Entered Level 5 of the Dungeon
  3118 | D:5      | Noticed a slave
  3121 | D:5      | Noticed Pikel
  3121 | D:5      | Noticed a slave
  3134 | D:3      | Reached skill level 4 in Axes
  3175 | D:4      | Reached XP level 5. HP: 43/49 MP: 4/4
  3183 | D:4      | Reached skill level 1 in Dodging
  3288 | D:4      | Noticed an ogre
  3299 | D:4      | Killed an ogre
  3299 | D:4      | Reached XP level 6. HP: 18/56 MP: 5/5
  3708 | D:4      | Reached skill level 5 in Axes
  3956 | D:5      | Noticed a slave
  3957 | D:5      | Noticed a slave
  3982 | D:4      | Killed Pikel
  3982 | D:4      | Reached skill level 6 in Axes
  3982 | D:4      | Reached skill level 5 in Armour
  3982 | D:4      | Reached skill level 5 in Shields
  3982 | D:4      | Reached XP level 7. HP: 28/64 MP: 5/5
  4041 | D:5      | Found Ganiudd's Magic Scroll Shoppe.
  4202 | D:5      | Bought a scroll of remove curse for 36 gold pieces
  4202 | D:5      | Bought a scroll of identify for 24 gold pieces
  4202 | D:5      | Bought a scroll of remove curse for 36 gold pieces
  4202 | D:5      | Bought a scroll of identify for 24 gold pieces
  4305 | D:5      | Reached skill level 7 in Axes
  4305 | D:5      | Reached XP level 8. HP: 30/72 MP: 6/6
  4893 | D:6      | Reached skill level 8 in Axes
  5100 | D:6      | Reached skill level 1 in Maces & Flails
  5377 | D:6      | Found Itillemi's Jewellery Emporium.
  5442 | D:7      | Found a staircase to the Ecumenical Temple.
  5457 | D:7      | Reached skill level 1 in Stealth
  5734 | D:7      | Noticed a hippogriff
  5823 | D:6      | Killed a hippogriff
  5823 | D:6      | Gained mutation: You passively map the area around you.
                  | [Deep Dwarf growth]
  5823 | D:6      | Reached XP level 9. HP: 41/80 MP: 7/7
  6113 | D:7      | Found a shadowy altar of Dithmenos.
  6203 | D:7      | Reached skill level 5 in Fighting
  6246 | D:7      | Found a hazy altar of Hepliaklqana.
  6414 | Temple   | Entered the Ecumenical Temple
  6432 | Temple   | Became a worshipper of Warmaster Okawaru
  6473 | D:8      | Reached skill level 9 in Axes
  6678 | D:8      | Found a staircase to the Lair.
  6939 | D:8      | Found a stormy altar of Qazlal.
  7194 | D:8      | Found an ancient bone altar of Kikubaaqudgha.
  7221 | D:8      | Reached * piety under Okawaru
  7524 | D:9      | Found a sparkling altar of Nemelex Xobeh.
  7562 | D:9      | Reached XP level 10. HP: 46/91 MP: 6/6
  7641 | D:9      | Found a snail-covered altar of Cheibriados.
  7692 | D:9      | Noticed Grum
  7740 | D:9      | Reached ** piety under Okawaru
  7752 | D:9      | Killed Grum
  8043 | D:9      | Noticed Erica
  8061 | D:9      | Killed Erica
  8061 | D:9      | Reached skill level 10 in Axes
  8061 | D:9      | Reached skill level 1 in Throwing
  8122 | D:9      | Found a burning altar of Makhleb.
  8391 | D:8      | Killed an unseen horror
  8432 | D:9      | Reached *** piety under Okawaru
  8715 | D:10     | Entered Level 10 of the Dungeon
  9191 | D:10     | Reached skill level 11 in Axes
  9447 | D:10     | Reached XP level 11. HP: 30/99 MP: 4/4
  9783 | D:11     | HP: 4/99 [something (2)]
  9786 | D:11     | HP: 1/99 [something/vampiric draining (3)]
  9816 | D:11     | Found Koasa's Antique Armour Shoppe.
  9854 | D:11     | Slain by a vampire

Skill      XL: |  1  2  3  4  5  6  7  8  9 10 |
---------------+-------------------------------+-----
Fighting       | 3 4 6 |  6.9
Axes           | 3 4 6 7 8 9 11 | 11.2
Dodging        | 1 2 |  2.7
Shields        | 4 5 6 7 9 |  9.2
Armour         | 4 5 6 7 8 |  8.5
Maces & Flails | 3 |  3.7
Stealth        | 1 |  1.4
Throwing       | 1 |  1.0

Action                   |  1- 3 |  4- 6 |  7- 9 | 10-12 || total
-------------------------+-------+-------+-------+-------++-------
Melee: War axe           |   151 |   229 |   327 |   354 ||  1061
       Whip              |       |       |   191 |       ||   191
       Scimitar          |       |       |       |    51 ||    51
Throw: Tomahawk          |       |     2 |       |     3 ||     5
 Abil: Heal Wounds       |     1 |     3 |    14 |    22 ||    40
Evoke: Wand              |       |       |       |     5 ||     5
  Use: Scroll            |       |     4 |     6 |     4 ||    14
       Potion            |       |       |     1 |       ||     1
 Stab: Distracted        |       |       |     1 |       ||     1
  Eat: Ration            |     1 |     1 |     1 |       ||     3
       Chunk             |     1 |     3 |     9 |     8 ||    21
Armor: Scale mail        |    88 |   107 |    10 |       ||   205
       Plate armour      |       |       |   290 |   324 ||   614
Dodge: Dodged            |    65 |    79 |   111 |   161 ||   416
Block: Shield            |   109 |   123 |   310 |   302 ||   844
       Rpst.: Scimitar   |       |       |       |     3 ||     3
